 Dungeon Sprint DCSS version 0.28.0-43-g3370ac3207 (webtiles) character file.

Game seed: 8794691704631332156

15893 boopmooplesden the Minotaur Blade (level 12, -9/204 HPs)
             Began as a Minotaur Berserker on Mar 4, 2022.
             Was the Champion of Trog.
             Killed from afar by a black draconian knight (29 damage)
             ... with a bolt of lightning
             ... in the Dungeon (Sprint II: "The Violet Keep of Menkaure").
             The game lasted 00:09:41 (1745 turns).

boopmooplesden the Minotaur Blade (MiBe)            Turns: 1745, Time: 00:09:41

Health: -9/204     AC: 25    Str: 32    XL:     12   Next: 5%
Magic:  11/11      EV: 13    Int:  7    God:    Trog [******]
Gold:   540        SH:  5    Dex: 16    Spells: 11/11 levels left

rFire   + . .      SeeInvis .   q - +1 double sword (vorpal)
rCold   . . .      Faith    .   (no shield)
rNeg    . . .      Spirit   .   i - +8 plate armour of Hola {Will+ Regen+ Dex+3}
rPois   +          Reflect  +   (helmet restricted)
rElec   .          Harm     .   (no cloak)
rCorr   .          Rampage  .   (no gloves)
Will    +....      NoTele   +   (no boots)
Stlth   ..........              j - amulet of the Median {Reflect Int+3 Dex+2 SH+5}
HPRegen 1.24/turn               x - ring of fire
MPRegen 0.12/turn               s - ring of Ukkusoiz {Drain rPois rC+ Str+6 Stlth+}

@: berserking, very quick
A: horns 2, retaliatory headbutt
a: Renounce Religion, Berserk, Trog's Hand, Brothers in Arms


You were in the Dungeon.
You worshipped Trog.
Trog was exalted by your worship.
You visited 1 branch You collected 2239 gold pieces.
You spent 1699 gold pieces at shops.

Inventory:

Hand Weapons
 a - a +0 falchion
 k - a +2 vorpal scimitar
 q - a +1 vorpal double sword (weapon)
 r - a +5 great sword
 A - a +1 vorpal glaive
Armour
 b - a +0 animal skin
 i - the +8 plate armour of Hola (worn) {Will+ Regen+ Dex+3}
   (You bought it in a shop in the Dungeon)

   Dex:       It affects your dexterity (+3).
   Regen:     It increases your rate of health regeneration.
   Will:      It increases your willpower.
 n - a +0 hat
Jewellery
 j - the amulet of the Median (around neck) {Reflect Int+3 Dex+2 SH+5}
   (You acquired it in the Dungeon)

   [amulet of reflection]

   It reflects blocked missile attacks.
   Int:       It affects your intelligence (+3).
   Dex:       It affects your dexterity (+2).
   SH:        It affects your SH (+5).
 s - the ring of Ukkusoiz (right hand) {Drain rPois rC+ Str+6 Stlth+}
   (You acquired it in the Dungeon)

   [ring of strength]

   Str:       It affects your strength (+6).
   rC:        It protects you from cold.
   rPois:     It protects you from poison.
   Drain:     It drains your maximum health when unequipped.
   Stlth:     It makes you more stealthy.
 x - a ring of fire (left hand)
Wands
 C - a wand of flame (28)
Scrolls
 h - a scroll of blinking
 o - a scroll of fog {unknown}
 t - a scroll of fear {unknown}
 w - a scroll of enchant armour {unknown}
 y - a scroll of enchant weapon {unknown}
 B - a scroll of identify
Potions
 c - 7 potions of curing
 d - a potion of heal wounds
 e - 3 potions of haste
 f - 5 potions of magic
 g - 2 potions of berserk rage
 l - 4 potions of lignification
 m - 4 potions of flight
 p - 2 potions of might {unknown}
 u - a potion of resistance
 v - a potion of attraction {unknown}
 z - a potion of mutation {unknown}


   Skills:
 + Level 21.4 Fighting
 + Level 21.5 Long Blades
 + Level 16.8 Armour
 + Level 9.2 Dodging
 + Level 2.2 Stealth
 + Level 7.1 Shields


You had 11 spell levels left.
You didn't know any spells.
Your spell library was empty.

Dungeon Overview and Level Annotations

Branches:
Dungeon (1/1)

Altars:
Cheibriados
Dithmenos
Elyvilon
Fedhas
Gozag
Hepliaklqana
Kikubaaqudgha
Makhleb
Nemelex Xobeh
Okawaru
Qazlal
Ru
Sif Muna
Trog
Uskayaw
Vehumet
Wu Jian
Xom
Yredelemnul
Zin
The Shining One
Beogh
Jiyva
Lugonu

Shops:
D [!!::!**?!*!?*([:([?(:[==(!

Annotations:
D exclusion: ice statue, Lernaean hydra


Innate Abilities, Weirdness & Mutations

You have a pair of horns on your head.
You reflexively headbutt those who attack you in melee.


Message History

The black draconian knight is lightly wounded.
You slice the black draconian knight!!
Your punch misses the black draconian knight.
The black draconian knight is moderately wounded.
The black draconian knight mumbles some strange words.
The black draconian knight seems to speed up.
The black draconian knight blocks your attack.
You headbutt the black draconian knight, but do no damage.
The black draconian knight is moderately wounded.
The black draconian knight blocks your attack.
You headbutt the black draconian knight.
The black draconian knight is moderately wounded.
You block the black draconian knight's attack.
You barely miss the black draconian knight.
The black draconian knight blocks your attack.
The black draconian knight is moderately wounded.
The black draconian knight hits you with a +2 long sword of protection!!
You slash the black draconian knight!
Your headbutt misses the black draconian knight.
The black draconian knight is heavily wounded.
The black draconian knight blocks your attack. x2
The black draconian knight is heavily wounded.
The black draconian knight hits you with a +2 long sword of protection!
The black draconian knight blocks your attack.
You headbutt the black draconian knight, but do no damage.
The black draconian knight is heavily wounded.
The black draconian knight hits you with a +2 long sword of protection!
You closely miss the black draconian knight.
The black draconian knight is heavily wounded.
The black draconian knight gestures at you while chanting.
The bolt of cold hits you!!!
* * * LOW HITPOINT WARNING * * *
The black draconian knight blocks your attack. x2
The black draconian knight is heavily wounded.
You hit the black draconian knight but do no damage.
You headbutt the black draconian knight.
The black draconian knight is heavily wounded.
The black draconian knight breathes lightning at you.
The bolt of lightning hits you!!
You die...

##....⌠...'≈'###'.<.
##........#)#.#)##.#
#▓▓▓▓▓▓▓###≈##.###)#
##...######≈≈####.#.
#...#.††^##≈≈≈#.##.
#∩†.††.#+##'#≈###.≈
#...#)##≈##.#≈≈##§#
#...###.≈.####≈≈§§≈
##@###≈§≈≈°# #§'§#+
#$q?##§.≈§.###≈≈≈§≈
##+###≈≈.≈°##°≈§§≈§
!.#+≈§≈°.'≈≈≈§§≈§
#+###.§☼.≈##≈≈§§§§
.}##§≈≈≈≈###≈§§§≈
###.°≈≈.# ####+#
##.°§## ##.#


You could see a black draconian knight (fast, catching breath).

Vanquished Creatures
  A kraken (D)
  Kirke (D)
  A fire dragon (D)
  A yaktaur captain (D)
  2 boulder beetles (D)
  A centaur warrior (D)
  A death yak (D)
  2 hell hogs (D)
  A skeletal warrior (D)
  2 deep trolls (D)
  An oklob plant (D)
  An elephant (D)
  2 cane toads (D)
  2 unseen horrors (D)
  A yaktaur (D)
  3 polar bears (D)
  A hornet (D)
  12 flying skulls (D)
  5 wyverns (D)
  Menkaure (D)
  7 water moccasins (D)
  3 black bears (D)
  A necrophage (D)
  4 scorpions (D)
  9 electric eels (D)
  4 lava snakes (D)
  An iron imp (D)
  A hell rat (D)
  3 worms (D)
75 creatures vanquished.

Vanquished Creatures (others)
  A kobold demonologist (D)
  16 tentacles (D)
17 creatures vanquished.

Grand Total: 92 creatures vanquished

Notes
Turn   | Place    | Note
-------+----------+-------------------------------------------
     0 | D        | boopmooplesden the Minotaur Berserker began the quest for
                  | the Orb.
     0 | D        | Reached XP level 1. HP: 19/19 MP: 0/0
     1 | D        | Noticed a scorpion
     1 | D        | Noticed a scorpion
     1 | D        | Noticed a scorpion
     1 | D        | Noticed a scorpion
     6 | D        | Killed a scorpion
     7 | D        | Reached XP level 2. HP: 31/31 MP: 1/1
     7 | D        | Reached XP level 3. HP: 38/38 MP: 2/2
     8 | D        | Killed a scorpion
     9 | D        | Reached XP level 4. HP: 48/48 MP: 3/3
    10 | D        | Killed a scorpion
    10 | D        | Reached ** piety under Trog
    11 | D        | Reached XP level 5. HP: 56/56 MP: 4/4
    12 | D        | Reached skill level 5 in Armour
   130 | D        | Noticed a boulder beetle
   130 | D        | Noticed a boulder beetle
   134 | D        | Noticed a wyvern
   134 | D        | Noticed a wyvern
   136 | D        | Killed a wyvern
   137 | D        | Reached skill level 10 in Fighting
   137 | D        | Reached skill level 5 in Dodging
   137 | D        | Reached XP level 6. HP: 67/67 MP: 5/5
   139 | D        | Killed a wyvern
   148 | D        | Reached *** piety under Trog
   152 | D        | Reached XP level 7. HP: 48/75 MP: 6/6
   174 | D        | Found Selilepp's Antique Armour Shop.
   174 | D        | Found Jamemum's Antique Armour Boutique.
   174 | D        | Found Eczifypn's Jewellery Shop.
   174 | D        | Found Oneisont's Antique Armour Boutique.
   174 | D        | Found Lelogh's Distillery.
   174 | D        | Found Ragar's Book Boutique.
   174 | D        | Found Qate's Antique Weapon Shop.
   174 | D        | Found Ushroxiny's Jewellery Boutique.
   174 | D        | Found Foled's Antique Weapon Boutique.
   178 | D        | Found Faonnupi's Distillery.
   178 | D        | Noticed Menkaure
   178 | D        | Noticed a hell hog
   189 | D        | Killed Menkaure
   189 | D        | Reached **** piety under Trog
   472 | D        | Found Tatiom's Magic Scroll Boutique.
   472 | D        | Found Zaadapo's General Store.
   472 | D        | Noticed a hell hog
   472 | D        | Noticed an oklob plant
   473 | D        | Found Hovuleph's Book Shop.
   473 | D        | Found Synadi's Distillery.
   473 | D        | Found Anogimat's Book Shoppe.
   476 | D        | Bought a bloodstained plate armour for 560 gold pieces
   476 | D        | Identified the +8 plate armour of Hola {Will+ Regen+ Dex+3}
                  | (You bought it in a shop in the Dungeon)
   556 | D        | Killed a boulder beetle
   557 | D        | Reached XP level 8. HP: 69/89 MP: 7/7
   565 | D        | Killed a boulder beetle
   566 | D        | Reached skill level 15 in Fighting
   566 | D        | Reached skill level 15 in Long Blades
   566 | D        | Reached XP level 9. HP: 60/97 MP: 8/8
   588 | D        | Bought a glowing scimitar for 203 gold pieces
   631 | D        | Found a stormy altar of Qazlal.
   631 | D        | Found an ornate altar of the Wu Jian Council.
   632 | D        | Found a hazy altar of Hepliaklqana.
   632 | D        | Found a sacrificial altar of Ru.
   632 | D        | Found a shimmering altar of Xom.
   633 | D        | Found a viscous altar of Jiyva.
   633 | D        | Found a shimmering blue altar of Sif Muna.
   633 | D        | Found a glowing golden altar of the Shining One.
   633 | D        | Found a basalt altar of Yredelemnul.
   634 | D        | Found a snail-covered altar of Cheibriados.
   634 | D        | Found an ancient bone altar of Kikubaaqudgha.
   634 | D        | Found a bloodstained altar of Trog.
   635 | D        | Found a shadowy altar of Dithmenos.
   635 | D        | Found a corrupted altar of Lugonu.
   635 | D        | Found a hide-covered altar of Uskayaw.
   636 | D        | Found a white marble altar of Elyvilon.
   636 | D        | Found a burning altar of Makhleb.
   637 | D        | Found a blossoming altar of Fedhas.
   638 | D        | Found an opulent altar of Gozag.
   638 | D        | Noticed a polar bear
   642 | D        | Killed a polar bear
   643 | D        | Noticed a yaktaur
   643 | D        | Noticed a polar bear
   646 | D        | Killed a polar bear
   646 | D        | Reached ***** piety under Trog
   648 | D        | Noticed a polar bear
   650 | D        | Killed a polar bear
   650 | D        | Received a gift from Trog
   651 | D        | Reached skill level 1 in Stealth
   652 | D        | Killed a yaktaur
   667 | D        | Noticed a kraken
   847 | D        | Identified a scroll of acquirement
   847 | D        | Acquired the amulet of the Median {Reflect Int+3 Dex+2
                  | SH+5}
   890 | D        | Killed a kraken
   891 | D        | Reached skill level 10 in Armour
   891 | D        | Reached skill level 1 in Shields
   891 | D        | Reached XP level 10. HP: 111/111 MP: 9/9
   895 | D        | Found a sparkling altar of Nemelex Xobeh.
   896 | D        | Found an iron altar of Okawaru.
   896 | D        | Found a radiant altar of Vehumet.
   896 | D        | Found a glowing silver altar of Zin.
  1015 | D        | Noticed a deep troll
  1015 | D        | Noticed a deep troll
  1023 | D        | Killed a deep troll
  1031 | D        | Killed a deep troll
  1068 | D        | Noticed an ice statue
  1193 | D        | Noticed Kirke
  1193 | D        | Noticed a yaktaur captain
  1206 | D        | Killed a yaktaur captain
  1210 | D        | Killed Kirke
  1210 | D        | Received a gift from Trog
  1223 | D        | Noticed a fire dragon
  1225 | D        | Noticed an elephant
  1231 | D        | Killed an elephant
  1242 | D        | Killed a fire dragon
  1243 | D        | Reached XP level 11. HP: 60/122 MP: 10/10
  1276 | D        | Noticed a centaur warrior
  1282 | D        | Killed a centaur warrior
  1305 | D        | Noticed a skeletal warrior
  1318 | D        | Killed a skeletal warrior
  1364 | D        | Received a gift from Trog
  1364 | D        | Reached ****** piety under Trog
  1417 | D        | Noticed a death yak
  1420 | D        | Reached skill level 5 in Shields
  1432 | D        | Killed a death yak
  1433 | D        | Reached skill level 15 in Armour
  1436 | D        | Received a gift from Trog
  1454 | D        | Found Arruitzy's Armour Emporium.
  1454 | D        | Found Wirual's Distillery.
  1454 | D        | Found Caloj's Distillery.
  1454 | D        | Found Tirpho's Assorted Antiques.
  1454 | D        | Found Uvede's Assorted Antiques.
  1455 | D        | Found Xasasukk's Distillery.
  1455 | D        | Found Umoceam's Magic Scroll Boutique.
  1455 | D        | Found Xuephaot's Book Emporium.
  1455 | D        | Found Qomuehuz's Magic Scroll Shop.
  1455 | D        | Found Gacifu's Assorted Antiques.
  1455 | D        | Found Iren's Weapon Shop.
  1455 | D        | Found Kegaggiross's Antique Weapon Shoppe.
  1468 | D        | Bought a scroll of acquirement for 936 gold pieces
  1468 | D        | Acquired the ring of Ukkusoiz {Drain rPois rC+ Str+6
                  | Stlth+}
  1534 | D        | Received a gift from Trog
  1601 | D        | Received a gift from Trog
  1620 | D        | Received a gift from Trog
  1644 | D        | Noticed the 27-headed Lernaean hydra
  1681 | D        | Received a gift from Trog
  1685 | D        | Killed a hell hog
  1689 | D        | Killed a hell hog
  1690 | D        | Reached XP level 12. HP: 136/136 MP: 11/11
  1728 | D        | Noticed a black draconian knight
  1745 | D        | Killed from afar by a black draconian knight

Illustrated notes

Levels and vault maps discovered:
D:        the_violet_keep_of_menkaure [sprint2_stairs_cluster_1,
          sprint2_shoproom, sprint2_temple, sprint2_basic_supplies,
          sprint2_obstacle_7, sprint2_obstacle_2, sprint2_obstacle_5,
          sprint2_obstacle_1, sprint2_obstacle_4, sprint2_timed_cluster_1,
          sprint2_smallroom_cluster_1, sprint2_smallroom_final_cluster_1,
          sprint2_transparent_cluster_1, sprint2_second_timed_cluster_1,
          sprint2_sniper_area_1, sprint2_heavy_combat_area_1,
          sprint2_mutation_trap_area_1, sprint2_forest_area_1,
          sprint2_light_combat_area_1, sprint2_behind_water_1,
          sprint2_near_end_vault_1]

Skill      XL: |  1  2  3  4  5  6  7  8  9 10 11 |
---------------+----------------------------------+-----
Fighting       | 6 7 8 10 11 14 15 17 19 21 | 21.4
Long Blades    | 6 7 9 11 14 15 18 19 21 | 21.5
Armour         | 3 4 5 6 7 8 10 13 16 | 16.8
Dodging        | 3 4 5 7 8 9 |  9.2
Stealth        | 1 2 |  2.2
Shields        | 1 4 7 |  7.1

Action                   |  1- 3 |  4- 6 |  7- 9 | 10-12 || total
-------------------------+-------+-------+-------+-------++-------
Melee: Falchion          |     5 |    11 |    40 |       ||    56
       Punch             |     1 |       |     3 |     3 ||     7
       Headbutt          |       |     6 |    21 |    30 ||    57
       Scimitar          |       |       |    31 |    76 ||   107
       Double sword      |       |       |       |   108 ||   108
Invok: Berserk           |     1 |       |     4 |     6 ||    11
  Use: Scroll            |       |       |     7 |     2 ||     9
       Potion            |       |       |       |     4 ||     4
Armor: Animal skin       |       |     2 |     1 |       ||     3
       Plate armour      |       |       |    21 |    90 ||   111
Dodge: Dodged            |     3 |     5 |    22 |    60 ||    90
Block: Other             |       |       |     5 |    28 ||    33
